Map: Pillars of Gold LE

Players

upaidtoomuch

  • Race: Protoss Protoss
  • League: Master
  • Spawn Location: 7:00

FeEbLeNFraiL - Winner!

  • Race: Protoss Protoss
  • League: Master
  • Spawn Location: 1:00

VOD

Have the link to the VOD?

Description

Time

  • Played on: Aug. 5, 2020, 6:31 a.m.
  • Length: 8:02
Show
View Real Time Build Order
Export as new Build Order

upaidtoomuch Protoss 

Build Orders:  

Get SALT Encoding   

  12  0:00  Probe (Chrono Boost)  
  13  0:12  Probe (Chrono Boost)  
  14  0:22  Pylon  
  14  0:23  Probe  
  15  0:40  Probe  
  16  0:44  Forge  
  16  0:52  Probe  
  17  1:04  Probe  
  17  1:06  Pylon  
  17  1:09  Pylon  
  18  1:23  Assimilator  
  17  1:39  Photon Cannon  
  17  1:53  Pylon  
  17  2:02  Gateway  
  17  2:13  Assimilator  
  17  2:17  Photon Cannon  
  17  2:32  Pylon  
  17  2:35  Probe (Chrono Boost)  
  19  2:45  Probe (Chrono Boost)  
  19  2:49  Zealot  
  19  2:50  Probe (Chrono Boost)  
  22  3:02  Probe  
  22  3:04  Cybernetics Core  
  23  3:15  Photon Cannon  
  23  3:25  Photon Cannon  
  23  3:35  Probe  
  23  3:38  Photon Cannon  
  24  3:47  Probe  
  25  3:50  Stargate  
  25  3:54  Shield Battery  
  25  4:01  Pylon  
  25  4:07  Assimilator  
  25  4:14  Photon Cannon  
  25  4:30  Void Ray (Chrono Boost)  
  29  4:40  Shield Battery  
  29  4:54  Pylon  
  29  5:01  Stargate  
  29  5:05  Shield Battery  
  27  5:30  Nexus  
  27  5:39  Void Ray (Chrono Boost)  
  29  7:12  Void Ray  
Show
View Real Time Build Order
Export as new Build Order

FeEbLeNFraiL Protoss - Winner!

Build Orders:  

Get SALT Encoding   

  12  0:01  Probe  
  13  0:13  Probe (Chrono Boost)  
  14  0:20  Pylon  
  14  0:25  Probe (Chrono Boost)  
  15  0:36  Probe (Chrono Boost)  
  15  0:42  Forge  
  16  0:46  Probe  
  17  1:09  Assimilator  
  17  1:16  Photon Cannon  
  17  1:17  Gateway  
  16  1:25  Assimilator  
  16  1:29  Assimilator  
  15  1:42  Probe  
  16  1:55  Probe  
  17  2:02  Pylon  
  17  2:06  Gateway  
  17  2:09  Cybernetics Core  
  17  2:17  Probe  
  18  2:24  Photon Cannon  
  19  2:30  Probe  
  19  2:39  Warp Gate (Chrono Boost)  
  19  2:42  Gateway  
  19  2:50  Probe  
  20  3:08  Probe  
  21  3:18  Robotics Facility  
  21  3:20  Assimilator  
  21  3:21  Probe  
  22  3:33  Probe  
  23  3:40  Pylon  
  23  3:41  Stalker  
  25  3:57  Pylon  
  24  4:06  Warp Prism (Chrono Boost)  
  26  4:18  Shield Battery  
  26  4:19  Stalker  
  26  4:20  Stalker  
  26  4:21  Stalker  
  32  4:32  Pylon  
  32  4:35  Observer (Chrono Boost)  
  33  4:55  Stalker x3  
  39  5:12  Immortal (Chrono Boost)  
  43  5:29  Stalker x2  
  47  5:55  Pylon  
  47  6:13  Pylon, Probe  
  47  6:14  Stalker x3  
  54  6:37  Stalker x3  
  43  7:04  Stalker x3  
  41  7:27  Stalker x2  
  41  7:28  Stalker  
  43  7:51  Stalker x3  
Tags
 
Add a new tag
Caveats
  • Supply blocks, unpowered buildings, or Contaminate may cause inaccurate times.
  • Supply counts are checked every 10 seconds.